 Dungeon Crawl Stone Soup version 0.29.1-15-g9cfb28693d (webtiles) character file.

Game seed: 1969571718207411225

74 Artool the Trooper (level 4, -1/37 HPs)
             Began as a Demonspawn Fighter on Apr 6, 2023.
             Slain by a goblin
             ... wielding a +0 club
              (3 damage)
             ... on level 2 of the Dungeon.
             The game lasted 00:01:45 (1930 turns).

Artool the Trooper (Demonspawn Fighter)             Turns: 1930, Time: 00:01:46

Health: -1/37      AC:  6    Str: 18    XL:     4   Next: 10%
Magic:  4/4        EV:  9    Int:  9    God:
Gold:   83         SH:  4    Dex: 13    Spells: 3/3 levels left

rFire   . . .      SeeInvis .   a - +0 flail
rCold   . . .      Faith    .   c - +0 buckler
rNeg    . . .      Spirit   .   b - +0 scale mail
rPois   .          Reflect  .   (no helmet)
rElec   .          Harm     .   (no cloak)
rCorr   .          Rampage  .   (no gloves)
Will    .....                   (no boots)
Stlth   ..........              (no amulet)
HPRegen 0.12/turn               (no ring)
MPRegen 0.09/turn               (no ring)

@: no status effects
A: claws 1, demonic magic 1
a: no special abilities


You were on level 2 of the Dungeon.
You visited 1 branch of the dungeon, and saw 2 of its levels.

You collected 83 gold pieces.

Inventory:

Hand Weapons
 a - a +0 flail (weapon)
Armour
 b - a +0 scale mail (worn)
 c - a +0 buckler (worn)
Jewellery
 j - a ring of willpower
Scrolls
 i - 2 scrolls of identify {unknown}
 l - a scroll of fear {unknown}
 m - a scroll of teleportation {unknown}
Potions
 d - a potion of might
 e - 2 potions of curing {unknown}
 f - a potion of invisibility {unknown}
 g - a potion of magic {unknown}
 h - 2 potions of resistance {unknown}
 k - a potion of mutation {unknown}


   Skills:
 + Level 3.7 Fighting
 + Level 2.6 Maces & Flails
 + Level 3.4 Armour
 - Level 2.6 Shields


You had 3 spell levels left.
You didn't know any spells.
Your spell library contained the following spells:

 Spells                   Type           Power      Damage    Failure   Level
 Magic Dart               Conj           0%         1d3       86%         1
 Searing Ray              Conj           0%         2d4       94%         2
 Fulminant Prism          Conj/Hex       0%         3d6       100%        4


Dungeon Overview and Level Annotations

Branches:
Dungeon (2/15)

Altars:


Innate Abilities, Weirdness & Mutations

You have sharp fingernails.
Spells you cast may paralyse adjacent enemies.


Message History

The dart slug launches a dart at you. The slug dart hits you.
The goblin hits you with a +0 club. The dart slug barely misses you.
The goblin closely misses you. The dart slug launches a dart at you.
The slug dart misses you. The goblin completely misses you.
The goblin hits you with a +0 club. The dart slug barely misses you.
The goblin hits you with a +0 club. The dart slug closely misses you.
The goblin hits you but does no damage. The goblin barely misses you.
The dart slug barely misses you. The goblin barely misses you.
The dart slug bites you but does no damage.
The goblin hits you with a +0 club. The goblin hits you with a +0 club.
* * * LOW HITPOINT WARNING * * *
The dart slug launches a dart at you.
The slug dart hits you but does no damage.
The goblin hits you with a +0 club.
* * * LOW HITPOINT WARNING * * *
The dart slug bites you.
* * * LOW HITPOINT WARNING * * *
The goblin hits you but does no damage.
The dart slug bites you but does no damage.
The goblin closely misses you. The goblin hits you but does no damage.
The dart slug barely misses you. The goblin hits you but does no damage.
The dart slug launches a dart at you. The slug dart hits you.
* * * LOW HITPOINT WARNING * * *
The goblin closely misses you. The goblin barely misses you.
The dart slug launches a dart at you. The slug dart misses you.
The goblin barely misses you. The dart slug launches a dart at you.
The slug dart hits you but does no damage.
The goblin hits you with a +0 club.
* * * LOW HITPOINT WARNING * * *
The goblin hits you with a +0 club.
You die...

##.......##.#.#.#.#....###.....
#...###.##.#.#.#.#...#.#.)....
#...# ##.#.#.#.#...#........
#...###.##....................
#.......##...............##...
#..###.###..####.#.#.#..######
#..# .###..# # #.........# #..#
.##...####...###.###..#
#..###.##....@g...# .... .#
#..##...#.....w...# .#.#..# #
#.#........#####....#[#[#...
##[###....#.### . .#..# # .#.#
#.# ##........ #. # . # .
##.###.####.... #.#.## #.###
#.## #.#


You could see a dart slug and a goblin.

Vanquished Creatures
  2 adders (D:2)
  A worm (D:2)
  2 dart slugs (D:2)
  4 endoplasms
  2 goblins
  6 hobgoblins
  4 jackals (D:1)
  4 quokkas
  5 ball pythons
  5 bats
  3 frilled lizards (D:1)
  7 kobolds
  3 rats
48 creatures vanquished.

Notes
Turn   | Place    | Note
-------+----------+-------------------------------------------
     0 | D:1      | Artool the Demonspawn Fighter began the quest for the Orb.
     0 | D:1      | Reached XP level 1. HP: 18/18 MP: 1/1
   333 | D:1      | Gained mutation: Spells you cast may paralyse adjacent
                  | enemies. [demonic ancestry]
   333 | D:1      | Reached XP level 2. HP: 21/24 MP: 2/2
   418 | D:1      | Found a faded altar of an unknown god.
   998 | D:1      | Reached XP level 3. HP: 29/29 MP: 3/3
  1759 | D:2      | Gained mutation: You have sharp fingernails. [demonic
                  | ancestry]
  1759 | D:2      | Reached XP level 4. HP: 35/37 MP: 4/4
  1930 | D:2      | Slain by a goblin

Illustrated notes

Levels and vault maps discovered:
D:1:      sevenhm_arrival_forest_fort_large_4, layout_rooms,
          dreamdust_ecumenical_altar_grove, grunt_decor_fettered
D:2:      layout_loops_ring, minmay_box_of_dots

Skill      XL: |  1  2 |
---------------+-------+-----
Maces & Flails | 2 |  2.6
Armour         | 3 |  3.4
Fighting       | |  3.7
Shields        | |  2.6

Action                   |  1- 3 |  4- 6 || total
-------------------------+-------+-------++-------
Melee: Flail             |   151 |     6 ||   157
Armor: Scale mail        |    82 |    27 ||   109
Dodge: Dodged            |    74 |    34 ||   108
Block: Buckler           |    44 |    10 ||    54
